Arrhythmia, chaotic female vampiric Convict ---- --------------------------------------- |..| ------- --.....................................| |..| --.....---|..----------------#------------------.------------ --.| |.........|..|..0...............0..............|............--- |.|--....|....|-.|.-------------......------------.|0---------....| |.--<...-------|.|.|.(.....|...|......|0.....|...|.|.| |....| |.......-- |.#.|.....(.|...|.............|...|.|.| ---.-- |.-......| ---.|.|.......|...|......|..|...|...|)#.| --- |.| |........| |...|.|.*.|0..|-|--......-----|---.--.|.| |.-------.| ---......-- |.|.|.--.---|--.....................[.|.| |...--.|..| |.......| |.|.|..............{........{.......))|.| |>........| ----.......| |.|.|.--|---|--0....--...--......0.[.)|.| --........| |..........| |.|.|.|...|...|----.|.....|.------[--[|.| --.%.....| |.........-- |.|.|.|..0|...|...|.|..@..|.|..|....|[|.|-- |....--.----- |....---...| |.|.|.|...|...|.....|.(_..|...(|....|)|.|.---....||...|.-- --.--- ---.---|.|.|.|0(.|.*.|...|.|.....|.|.......|.[.%.......-----.|..-- --- |...||.|.|.-------------.-------.---------.|.......--- |.....--- ---.--.|.|..............0..................#.......-- --......| |......-----------#------------#----------........| --.|...| ---..|.....................................-----.-- ------- ------------------------------------------ --- Arrhythmia the Jail-bird Experience level: 9 Strength: 25 Dexterity: 13 Constitution: 18 Intelligence: 11 Wisdom: 11 Charisma: 9 Health: 99(99) Energy: 75(75) AC: 3 Gold: 1299 Moves: 5053 Your Inventory: Coins $ - 1299 gold pieces Armor b - an uncursed +0 striped shirt (being worn) i - a [blessed] +1 hard hat [dwarvish iron helm] j - an [uncursed] +0 hooded cloak [dwarvish] o - a blessed +0 crude chain mail [of fire resistance (orcish)] (being worn) p - an uncursed +0 iron skull cap of power [orcish helm] (being worn) v - an uncursed +0 pair of jumping boots z - an [uncursed] +1 pair of speed boots (being worn) T - an [uncursed] +0 dwarvish mithril-coat Scrolls n - 3 uncursed unlabeled scrolls [of blank paper] r - an uncursed scroll of enchant weapon N - an uncursed scroll of taming Spellbooks q - an uncursed white spellbook [of levitation] Rings d - a cursed ring of teleportation h - an uncursed ring of poison resistance s - an uncursed ring of sustain ability Wands f - an uncursed wand of light (0:15) g - an [uncursed] wand of create monster [0:13] k - an uncursed wand of striking [0:0] l - an uncursed wand of magic missile [0:0] Tools t - an [uncursed] looking glass [mirror] A - an [uncursed tallow] candle K - an uncursed +0 unicorn horn M - an [uncursed] skeleton key W - an [uncursed +0] pick-axe Iron balls c - an uncursed heavy iron ball Spells known in the end: Name Level Category Fail Memory a - create monster 2 clerical 100% [||||||||] Your skills at the end: Fighting Skills Weapon Skills sling [Basic / Skilled] Spellcasting Skills Final Attributes: You were piously aligned. Hunger level was 900. Your alignment was 30 / 35. Monster difficulty range was 1 - 7. Level difficulty was 6. You were immune to fire. You were immune to poison. You were immune to level-drain. You were immune to sickness. You could fly. You could survive without air. You regenerated. You were very fast. Your luck was zero. You survived. Vanquished creatures: a ghost 2 small mimics a giant beetle 3 orc-captains an iron piercer an ice vortex a dwarf mummy a gold golem a werewolf a dog a dingo a jaguar a white unicorn a dust vortex 2 apes a soldier ant a fire ant a mountain nymph 7 Mordor orcs 5 Uruk-hai 4 orc shamans a rock piercer 2 enormous rats a yellow light 10 gnome lords a gnomish wizard a golden naga hatchling a guardian naga hatchling a ghoul 3 straw golems 2 paper golems a little dog 3 floating eyes 3 kittens 12 dwarves a kobold lord 25 hill orcs 3 rothes a giant bat a werejackal 7 hobbits 2 large kobolds a hobgoblin 2 cave spiders a green mold a red mold 62 gnomes 7 jackals 2 foxes 20 goblins 5 grid bugs 5 lichens 2 kobold zombies 7 newts 235 creatures vanquished. Voluntary challenges: You went without food. You used a wielded weapon 89 times. You read items or engraved 10 times. You put on armor 13 times. You never genocided any monsters. You never polymorphed an object. You never changed form. You used no wishes. You abstained from Elbereth's help. You encountered 1 bones level. You never used any Sokoban shortcuts. Dungeon overview: The Dungeons of Doom: levels 1 to 5 Level 1 a fountain a long staircase Level 2 a general store stairs to The Gnomish Mines Level 3 an armor shop, a fountain Level 4 a sink The Gnomish Mines: levels 3 to 9 Level 3 stairs to The Dungeons of Doom Level 6 <- You were here many shops, a temple, a magic chest, some fountains History has recorded: On T:1 you entered the Dungeons of Doom to retrieve the Amulet of Yendor! On T:485 you advanced to experience level 2. On T:641 you reached level 2 of The Dungeons of Doom. On T:750 you reached level 1 of The Gnomish Mines. On T:753 you advanced to experience level 3. On T:762 you advanced to experience level 4. On T:808 you advanced to experience level 5. On T:1107 you advanced to experience level 6. On T:1325 you reached level 3 of The Dungeons of Doom. On T:1645 you reached level 4 of The Dungeons of Doom. On T:2130 you advanced to experience level 7. On T:2539 you reached level 5 of The Dungeons of Doom. On T:2820 you reached level 2 of The Gnomish Mines. On T:2870 you advanced to experience level 8. On T:3119 you reached level 3 of The Gnomish Mines. On T:3397 you reached level 5 of The Gnomish Mines. On T:3411 you reached level 6 of The Gnomish Mines. On T:3812 you reached level 7 of The Gnomish Mines. On T:3842 you advanced to experience level 9. On T:4107 you reached level 4 of The Gnomish Mines. Latest messages: You feel here a crude dagger. You try to feel what is lying here on the floor. You can see again. A shiver runs down your spine. You are beginning to feel weak. You begin praying to Moloch. You finish your prayer. You feel that Moloch is well-pleased. [3 turns] You begin praying to Moloch. You finish your prayer. You feel that Moloch is well-pleased. [3 turns] You begin praying to Tymora. You are surrounded by a shimmering light. You finish your prayer. You feel that Tymora is well-pleased. Your stomach feels content. [3 turns] Final status: Goodbye Arrhythmia the Convict... You quit in The Gnomish Mines on dungeon level 6 with 10419 points, and 1299 pieces of gold, after 5053 moves. You were level 9 with a maximum of 99 hit points when you quit.